 Dungeon Crawl Stone Soup version 0.20.1-1-g8b1a95d (webtiles) character file.

3216 Salad the Fighter (level 9, -9/85 HPs)
             Began as a Pale Draconian Wanderer on July 9, 2017.
             Was a Priest of Okawaru.
             Killed from afar by a gargoyle (17 damage)
             ... with a stone arrow
             ... on level 10 of the Dungeon.
             The game lasted 00:27:12 (8193 turns).

Salad the Fighter (Pale Draconian Wanderer)         Turns: 8193, Time: 00:27:13

Health: -9/85      AC: 11    Str: 18    XL:     9   Next: 65%
Magic:  5/10       EV: 21    Int: 12    God:    Okawaru [***...]
Gold:   148        SH:  0    Dex: 15    Spells: 8/8 levels left

rFire    + . .     SeeInvis .   a - +3 hand axe
rCold    + . .     Gourm    .   (no shield)
rNeg     . . .     Faith    .   (armour unavailable)
rPois    +         Spirit   .   (helmet restricted)
rElec    .         Reflect  .   v - scarf {rC+ rF+}
rCorr    .         Harm     .   b - +0 pair of gloves of Polish {Str+2}
MR       .....                  r - +2 pair of boots
Stlth    +++.......             y - amulet of regeneration
Regen    0.7/turn               z - ring of poison resistance
MPRegen  0.2/turn               (no ring)

@: heroism, very slightly contaminated
A: breathe steam, unfitting armour, strong 1, cold-blooded, MP-powered wands, AC
+7
a: Breathe Steam, Heroism, Renounce Religion


You were on level 10 of the Dungeon.
You worshipped Okawaru.
Okawaru was most pleased with you.
You were not hungry.

You visited 2 branches of the dungeon, and saw 12 of its levels.

You collected 352 gold pieces.
You spent 204 gold pieces at shops.

Inventory:

Hand Weapons
 a - a +3 hand axe (weapon)
Armour
 b - the +0 pair of gloves of Polish (worn) {Str+2}
   (You bought it in a shop on level 6 of the Dungeon)

   It affects your strength (+2).
 r - a +2 pair of boots (worn)
 v - a scarf of resistance (worn)
Jewellery
 y - an amulet of regeneration (around neck)
 z - a ring of poison resistance (left hand)
Wands
 j - a wand of lightning (1/15)
 s - a wand of digging (3/24)
Scrolls
 e - 3 scrolls of enchant armour
 h - a scroll of enchant weapon
 i - 4 scrolls of remove curse
 l - a scroll of identify
 m - a scroll of immolation
 n - a scroll of blinking
 q - 4 scrolls of recharging
Potions
 f - a potion of agility
 k - a potion of invisibility {unknown}
 o - 2 potions of cancellation
Miscellaneous
 t - a crystal ball of energy
Comestibles
 c - 4 bread rations
 d - 5 royal jellies
 g - 3 meat rations
 p - 4 fruits
 x - 4 chunks of flesh


   Skills:
 - Level 9.7(14.7) Fighting
 - Level 7.2(12.2) Axes
   Level 1.0(9.5) Maces & Flails
 + Level 8.0(13.0) Dodging
 - Level 1.0(6.0) Stealth
 - Level 2.6 Invocations
 - Level 1.1 Evocations


You had 8 spell levels left.
You didn't know any spells.

Dungeon Overview and Level Annotations

Branches:
Dungeon (11/15)            Temple (1/1) D:4
   Lair: D:8-11         Orc: D:9-12

Altars:
Ashenzari
Dithmenos
Elyvilon
Fedhas
Gozag
Hepliaklqana
Kikubaaqudgha
Makhleb
Nemelex Xobeh
Okawaru
Qazlal
Ru
Sif Muna
Trog
Vehumet
Xom
Yredelemnul
Zin
The Shining One

Shops:
D:6 [


Innate Abilities, Weirdness & Mutations

You can breathe blasts of scalding, opaque steam.
Your pale cyan-grey scales are hard. (AC +7)
You cannot fit into any form of body armour.
You are cold-blooded and may be slowed by cold attacks.
Your muscles are strong. (Str +2)
You expend magic power (3 MP) to strengthen your wands.


Message History

You hit the gargoyle but do no damage.
You tail-slap the gargoyle, but do no damage.
The gargoyle is severely damaged.
You hit the gargoyle but do no damage.
Your tail-slap misses the gargoyle.
The gargoyle is severely damaged.
The gargoyle hits you with a mace.
* * * LOW HITPOINT WARNING * * *
You hit the gargoyle.
The gargoyle is severely damaged.
The gargoyle hurls a stone arrow at you.
The stone arrow hits you!
* * * LOW HITPOINT WARNING * * *
You hit the gargoyle but do no damage.
The gargoyle is severely damaged.
You hit the gargoyle but do no damage.
You tail-slap the gargoyle, but do no damage.
The gargoyle is severely damaged.
The gargoyle hurls a stone arrow at you.
The stone arrow hits you!
You die...

.##.#
....####.##.#+#
............#.#
.....###......#
+#.......§§...#
#.#.....§§#..######
.#.#..##§#....Y....#
.#....§§.'.........#
......##§#.....9@..#
......##§#.........#
...)..§§§§.§########
.###<.§§§§§§# .
#..§§§§..#
+...§§§..#
#..§§....#
#.§......#
###+#÷####


You could see a yak and a gargoyle.

Vanquished Creatures
  A two-headed ogre (D:8)
  A centaur skeleton (D:10)
  Grinder (D:3)
  A steam dragon (D:7)
  An orc warrior (D:7)
  An ice beast (D:8)
  4 ogres
  A phantom (D:4)
  A big kobold (D:8)
  4 bullfrogs
  A scorpion (D:5)
  6 killer bees
  A crimson imp (D:6)
  A centaur zombie (D:5)
  An orc priest (D:4)
  2 jellies
  2 hounds
  3 orc wizards
  Jessica (D:2)
  An iguana (D:5)
  2 worker ants
  2 worker ant zombies
  4 gnolls (D:4)
  11 adders
  4 oozes
  A worm (D:3)
  2 dart slugs
  10 leopard geckos
  18 orcs
  4 giant cockroaches
  6 goblins
  6 hobgoblins
  11 jackals
  4 quokkas
  6 bats
  4 frilled lizards
  A giant cockroach zombie (D:5)
  16 kobolds
  2 rats
149 creatures vanquished.

Notes
Turn   | Place    | Note
-------+----------+-------------------------------------------
     0 | D:1      | Salad the Draconian Wanderer began the quest for the Orb.
     0 | D:1      | Salad set off with: a +2 hand axe, 2 potions of lignification, a bread ration
     0 | D:1      | Reached XP level 1. HP: 23/23 MP: 1/1
    61 | D:1      | Reached XP level 2. HP: 30/30 MP: 2/2
   283 | D:1      | Reached skill level 6 in Fighting
   325 | D:1      | Reached XP level 3. HP: 32/37 MP: 3/3
   487 | D:2      | Found a hazy altar of Hepliaklqana.
   488 | D:2      | Found a shimmering altar of Xom.
   488 | D:2      | Noticed a wyvern
   489 | D:2      | Noticed a spectral ugly thing
   489 | D:2      | Noticed a wyvern
   896 | D:2      | Noticed Jessica
   900 | D:2      | Killed Jessica
   900 | D:2      | Reached XP level 4. HP: 45/45 MP: 4/4
  1704 | D:3      | Noticed Grinder
  1711 | D:3      | Paralysed by Grinder for 3 turns
  1715 | D:3      | Paralysed by Grinder for 7 turns
  1729 | D:3      | Paralysed by Grinder for 5 turns
  1743 | D:3      | Paralysed by Grinder for 3 turns
  1765 | D:3      | Paralysed by Grinder for 4 turns
  1771 | D:3      | Killed Grinder
  1771 | D:3      | Reached skill level 7 in Fighting
  1771 | D:3      | Reached XP level 5. HP: 28/53 MP: 5/5
  1771 | D:3      | Reached XP level 6. HP: 33/61 MP: 6/6
  1942 | D:3      | Found a sacrificial altar of Ru.
  2073 | D:3      | Reached skill level 8 in Fighting
  2648 | D:4      | Gained mutation: You expend magic power (3 MP) to strengthen your wands. [potion of mutation]
  2648 | D:4      | Gained mutation: Your muscles are strong. (Str +2) [potion of mutation]
  2785 | D:4      | Reached skill level 5 in Axes
  3256 | D:4      | Found a sparkling altar of Nemelex Xobeh.
  3289 | D:4      | Your scales start taking on a pale cyan-grey colour.
  3289 | D:4      | Reached XP level 7. HP: 54/68 MP: 7/7
  3356 | D:4      | Found a staircase to the Ecumenical Temple.
  3885 | Temple   | Entered the Ecumenical Temple
  3998 | Temple   | Became a worshipper of Warmaster Okawaru
  4025 | D:5      | Entered Level 5 of the Dungeon
  4072 | D:5      | Found a basalt altar of Yredelemnul.
  4350 | D:5      | Found a glowing silver altar of Zin.
  4996 | D:5      | Found a stormy altar of Qazlal.
  5050 | D:5      | Found a white marble altar of Elyvilon.
  5062 | D:5      | Reached skill level 1 in Dodging
  5072 | D:5      | Reached * piety under Okawaru
  5381 | D:6      | Reached XP level 8. HP: 40/74 MP: 8/8
  5618 | D:6      | Found Cos Maba's Armour Boutique.
  5636 | D:6      | Reached skill level 1 in Invocations
  5891 | D:6      | Bought the +0 pair of gloves of Polish {Str+2} for 204 gold pieces
  6141 | D:7      | Found a glowing golden altar of the Shining One.
  6530 | D:7      | Reached skill level 9 in Fighting
  6871 | D:7      | Reached ** piety under Okawaru
  7634 | D:8      | Noticed a two-headed ogre
  7654 | D:8      | Killed a two-headed ogre
  7654 | D:8      | Reached *** piety under Okawaru
  7654 | D:8      | Reached XP level 9. HP: 79/85 MP: 10/10
  7732 | D:8      | Found an ancient bone altar of Kikubaaqudgha.
  7841 | D:9      | You fall through a shaft for 2 floors!
  8034 | D:10     | Entered Level 10 of the Dungeon
  8069 | D:9      | Found a radiant altar of Vehumet.
  8135 | D:10     | Reached **** piety under Okawaru
  8145 | D:10     | Noticed a gargoyle
  8193 | D:10     | Killed from afar by a gargoyle

Skill      XL: |  1  2  3  4  5  6  7  8  9 |
---------------+----------------------------+-----
Fighting       | 6 7 8 9 |  9.7
Axes           | 3 5 7 |  7.2
Dodging        | 3 6 8 |  8.0
Invocations    | 2 |  2.6
Maces & Flails | |  1.0
Stealth        | |  1.0
Evocations     | |  1.1

Action                   |  1- 3 |  4- 6 |  7- 9 || total
-------------------------+-------+-------+-------++-------
Melee: Hand axe          |    61 |   166 |   325 ||   552
       Tailslap          |     3 |    20 |    43 ||    66
Invok: Heroism           |       |       |     3 ||     3
 Abil: Breathe Steam     |       |       |    11 ||    11
Evoke: Wand              |       |       |     4 ||     4
  Use: Scroll            |       |     8 |    14 ||    22
       Potion            |       |     6 |    10 ||    16
 Stab: Sleeping          |     2 |     1 |     3 ||     6
  Eat: Chunk             |       |     7 |     6 ||    13
       Fruit             |       |     1 |       ||     1
       Meat ration       |       |       |     1 ||     1
       Bread ration      |       |       |     2 ||     2
Armor: Skin              |    21 |    48 |   120 ||   189
Dodge: Dodged            |    25 |   112 |   210 ||   347
